 Dungeon Crawl Stone Soup version 0.26.1-11-gd32895ea62 (webtiles) character file.

Game seed: 1753554749817643318

170537 yaksman the Covert (level 17, -7/133 HPs)
             Began as a Gnoll Enchanter on Mar 19, 2021.
             Was a High Priest of Sif Muna.
             Killed from afar by a deep elf annihilator (44 damage)
             ... with a crystal spear
             ... on level 1 of the Elven Halls on June 25, 2021.
             The game lasted 04:49:15 (53365 turns).

yaksman the Covert (Gnoll Enchanter)               Turns: 53365, Time: 04:49:16

Health: -7/133     AC: 19    Str: 10    XL:     17   Next: 69%
Magic:  2/33       EV: 20    Int: 28    God:    Sif Muna [*****.]
Gold:   1227       SH:  8    Dex: 21    Spells: 3/41 levels left

rFire    + + .     SeeInvis .   O - +9 sword of Zonguldrok {reap}
rCold    . . .     Faith    +   L - +0 buckler
rNeg     . . .     Spirit   .   y - +3 ring mail of Winter {rElec rF++ Int+4}
rPois    +         Reflect  .   s - +0 helmet
rElec    +         Harm     .   G - +0 cloak {Will+}
rCorr    .         Rampage  .   X - +2 pair of gloves {archery}
Will     ++...                  V - +1 pair of boots
Stlth    ++++++....             I - amulet of Etochema {Faith Dex+4 Slay+3 Stlth+}
HPRegen  0.32/turn              j - ring of wizardry
MPRegen  0.23/turn              b - ring of poison resistance

@: no status effects
A: distributed training, fangs 1, strong nose
}: 1/15 runes: barnacled
a: Renounce Religion, Channel Magic, Forget Spell, Divine Exegesis


You were on level 1 of the Elven Halls.
You worshipped Sif Muna.
Sif Muna was extremely pleased with you.
You visited 7 branches of the dungeon, and saw 30 of its levels.
You also visited: Ossuary and Gauntlet.

You collected 2903 gold pieces.
You spent 1676 gold pieces at shops.

Inventory:

Hand Weapons
 q - the +8 spear of the Fulmar {venom, rC- Dex+6}
   (You took it off a centaur on level 7 of the Dungeon)

   It poisons the flesh of those it strikes.
   It affects your dexterity (+6).
   It makes you vulnerable to cold.
 O - the +9 sword of Zonguldrok (weapon) {reap}
   (You found it on level 15 of the Dungeon)

   If a monster killed with it leaves a corpse in good enough shape, the corpse
   is reanimated as a zombie friendly to the killer.
Missiles
 d - 96 poisoned darts (quivered)
 p - 6 curare-tipped darts
 Y - 5 atropa-tipped darts
Armour
 s - a +0 helmet (worn)
 v - a +2 robe of fire resistance
 y - the +3 ring mail of Winter (worn) {rElec rF++ Int+4}
   (You took it off a minotaur in a Gauntlet)

   It affects your intelligence (+4).
   It greatly protects you from fire.
   It insulates you from electricity.
 B - the +2 cloak of the Serpent {rF+ Will- Int+2}
   (You found it on level 1 of the Lair of Beasts)

   It affects your intelligence (+2).
   It protects you from fire.
   It affects your willpower, your defense against some magical effects.
 F - the +1 scale mail of Zin's Benevolence {rC+ rN+ MP+9}
   (You found it on level 11 of the Dungeon)

   It protects you from cold.
   It protects you from negative energy.
   It affects your magic capacity (+9).
 G - a +0 cloak of willpower (worn)
 H - a scarf of invisibility
 L - a +0 buckler (worn)
 V - a +1 pair of boots (worn)
 X - a +2 pair of gloves of archery (worn)
Jewellery
 b - a ring of poison resistance (right hand)
 j - a ring of wizardry (left hand)
 u - an uncursed amulet of regeneration
 I - the amulet of Etochema (around neck) {Faith Dex+4 Slay+3 Stlth+}
   (You bought it in a shop on level 2 of the Orcish Mines)

   [amulet of faith]

   It allows you to gain divine favour quickly.
   It affects your dexterity (+4).
   It affects your accuracy and damage with ranged weapons and melee attacks
   (+3).
   It makes you more stealthy.
 J - an uncursed ring of flight
 K - an uncursed amulet of reflection
 R - an uncursed ring of protection from cold
 S - an uncursed ring of wizardry
 Z - an uncursed ring of see invisible
Wands
 c - a wand of polymorph (6)
 i - a wand of disintegration (30)
 o - a wand of acid (7)
 x - a wand of enslavement (14)
 M - a wand of digging (5)
Scrolls
 a - 3 scrolls of enchant weapon
 h - 13 scrolls of identify
 k - 10 scrolls of teleportation
 l - 3 scrolls of fog
 n - 13 scrolls of remove curse
 t - 5 scrolls of amnesia
 w - 5 scrolls of magic mapping
 A - a scroll of silence
 C - 10 scrolls of enchant armour
 D - 4 scrolls of blinking
Potions
 f - 8 potions of flight
 g - 5 potions of haste
 m - a potion of resistance
 r - 6 potions of brilliance
 z - a potion of ambrosia
 E - 3 potions of curing
 N - 2 potions of cancellation
 Q - 4 potions of magic
 W - 2 potions of might
Miscellaneous
 e - a phial of floods
 T - a lightning rod (4/4)


   Skills:
 + Level 11.7 Fighting
 + Level 11.9 Short Blades
 + Level 11.7 Long Blades
 + Level 11.7 Axes
 + Level 11.7 Maces & Flails
 + Level 11.7 Polearms
 + Level 11.7 Staves
 + Level 11.7 Slings
 + Level 11.7 Bows
 + Level 11.7 Crossbows
 + Level 11.7 Throwing
 + Level 11.7 Armour
 + Level 12.4 Dodging
 + Level 12.9 Stealth
 + Level 11.7 Shields
 + Level 11.7 Unarmed Combat
 + Level 12.5 Spellcasting
 + Level 10.0 Conjurations
 + Level 11.2 Hexes
 + Level 10.0 Summonings
 + Level 10.0 Necromancy
 + Level 10.0 Translocations
 + Level 10.0 Transmutations
 + Level 10.0 Fire Magic
 + Level 10.0 Ice Magic
 + Level 10.0 Air Magic
 + Level 10.0 Earth Magic
 + Level 10.0 Poison Magic
 + Level 12.6 Invocations
 + Level 11.7 Evocations


You had 3 spell levels left.
You knew the following spells:

 Your Spells              Type           Power        Failure   Level
a - Invisibility          Hex            69%          4%          6
b - Ensorcelled Hibernat  Hex/Ice        100%         1%          2
c - Tukima's Dance        Hex            69%          1%          3
e - Mephitic Cloud        Conj/Pois/Air  65%          1%          3
f - Stone Arrow           Conj/Erth      100%         1%          3
g - Petrify               Tmut/Erth      65%          1%          4
h - Summon Mana Viper     Hex/Summ       67%          1%          5
i - Animate Dead          Necr           32%          1%          4
j - Blink                 Tloc           N/A          1%          2
k - Shadow Creatures      Summ           N/A          6%          6

Your spell library contained the following spells:

 Spells                   Type           Power        Failure   Level
 Animate Skeleton         Necr           100%         1%          1
 Apportation              Tloc           100%         1%          1
 Beastly Appendage        Tmut           100%         1%          1
 Corona                   Hex            76%          1%          1
 Foxfire                  Conj/Fire      100%         1%          1
 Magic Dart               Conj           100%         1%          1
 Sandblast                Erth           100%         1%          1
 Shock                    Conj/Air       100%         1%          1
 Call Imp                 Summ           65%          1%          2
 Passwall                 Tmut/Erth      54%          1%          2
 Poisonous Vapours        Pois/Air       100%         1%          2
 Slow                     Hex            69%          1%          2
 Swiftness                Air            65%          1%          2
 Wereblood                Tmut           65%          1%          2
 Call Canine Familiar     Summ           65%          1%          3
 Confusing Touch          Hex            69%          1%          3
 Conjure Flame            Conj/Fire      65%          1%          3
 Dazzling Flash           Conj/Hex       100%         1%          3
 Inner Flame              Hex/Fire       67%          1%          3
 Lesser Beckoning         Tloc           32%          1%          3
 Portal Projectile        Hex/Tloc       100%         1%          3
 Spider Form              Tmut/Pois      32%          1%          3
 Static Discharge         Conj/Air       65%          1%          3
 Summon Guardian Golem    Hex/Summ       67%          1%          3
 Vampiric Draining        Necr           32%          1%          3
 Airstrike                Air            32%          1%          4
 Cause Fear               Hex            34%          1%          4
 Fulminant Prism          Conj/Hex       33%          1%          4
 Ice Form                 Ice/Tmut       65%          1%          4
 Iskenderun's Mystic Bla  Conj/Tloc      65%          1%          4
 Leda's Liquefaction      Hex/Erth       33%          1%          4
 Sticky Flame             Conj/Fire      65%          1%          4
 Alistair's Intoxication  Tmut/Pois      43%          1%          5
 Blade Hands              Tmut           32%          1%          5
 Bolt of Magma            Conj/Fire/Erth 32%          1%          5
 Borgnjor's Vile Clutch   Necr/Erth      32%          1%          5
 Fireball                 Conj/Fire      32%          1%          5
 Irradiate                Conj/Tmut      32%          1%          5
 Lee's Rapid Deconstruct  Erth           32%          1%          5
 Lightning Bolt           Conj/Air       32%          1%          5
 Metabolic Englaciation   Hex/Ice        33%          1%          5
 Summon Demon             Summ           32%          1%          5
 Freezing Cloud           Conj/Ice/Air   32%          6%          6
 Hydra Form               Tmut           32%          6%          6
 Iron Shot                Conj/Erth      32%          6%          6
 Starburst                Conj/Fire      32%          6%          6
 Statue Form              Tmut/Erth      43%          6%          6
 Dragon Form              Tmut           32%          32%         7
 Malign Gateway           Summ/Tloc      32%          32%         7
 Spellforged Servitor     Conj/Summ      32%          32%         7
 Borgnjor's Revivificati  Necr           32%          93%         8
 Ignition                 Fire           32%          93%         8
 Shatter                  Erth           32%          100%        9
 Tornado                  Air            32%          100%        9


Dungeon Overview and Level Annotations

Branches:
Dungeon (15/15)            Temple (1/1) D:4            Lair (6/6) D:9
 Shoals (4/4) Lair:3       Spider (1/4) Lair:2        Slime (0/5) Lair:6
    Orc (2/2) D:12            Elf (1/3) Orc:2        Vaults (0/5) D:14
 Depths (0/5) D:15        Ossuary (visited)         Gauntlet (visited)

Altars:
Ashenzari
Cheibriados
Dithmenos
Elyvilon
Fedhas
Gozag
Hepliaklqana
Kikubaaqudgha
Makhleb
Nemelex Xobeh
Okawaru
Qazlal
Ru
Sif Muna
Trog
Uskayaw
Vehumet
Wu Jian
Xom
Yredelemnul
Zin
The Shining One

Shops:
D:15 :   Orc:2 (!(=

Annotations:
D:4 2 runed translucent doors, axecop's ghost, novice DsAK
D:8 3 runed translucent doors, pissyeye's ghost, novice MiBe
D:9 exclusion: oklob plant
D:14 3 runed translucent doors, Imiczer's ghost, journeyman FoFi
Lair:5 1 runed translucent door, Ypehuijo's ghost, journeyman OpFi


Innate Abilities, Weirdness & Mutations

Your experience applies equally to all skills.
You have very sharp teeth.
Your uncanny sense of smell can sniff out nearby items.


Message History

The deep elf annihilator blinks!
Something closely misses you.
Your mana viper barely misses something.
You slice something!!
Your deep elf mage dissolves into shadows!
Your mana viper bites something!
Something barely misses you.
You miss something.
Your mana viper bites something!
Sif Muna accepts your kill.
You see here Sif Muna's Grimoire of Battle Magic.
Sif Muna grants you a gift!
Reactivating autopickup.
You feel a bit more experienced.
You block the deep elf annihilator's attack.
Items here: ( )) [ †.
Okay, then.
Casting: Tukima's Dance (safe; 1% risk of failure)
Confirm with . or Enter, or press ? or * to list all spells.
You call on the dead to rise...
The dead are walking!
The deep elf annihilator points at you and mumbles some strange words.
The crystal spear hits you!!!
You die...

∆ ∆ ################
#.......((.Z...##
#..###...(###@SZ#
##.#...#..#(.e#..#
#..#.⌠.#..#)).#.....
#..#.).#≈≈#...#.#.###
#..≈###≈≈≈≈###≈.#..#
###...≈≈≈≈≈≈≈≈ §.#..#
......≈≈≈≈≈≈≈≈≈ ...#)#
##...≈###≈≈≈≈###≈.....
#...#...#≈≈#. #.##.


You could see a deep elf annihilator, a friendly mana viper (summoned), a
friendly deep elf knight zombie and a friendly deep elf archer zombie.

Vanquished Creatures
  A bone dragon (D:15)
  Rupert (Orc:2)
  A titan (Shoals:3)
  A ghost moth (Lair:2)
  Nessos (D:13)
  A minotaur (Gauntlet)
  2 merfolk javelineers (Shoals:4)
  A green death (Gauntlet)
  An ogre mage (D:13)
  2 merfolk impalers
  2 catoblepae
  9 hydras
  3 centaur warriors
  An alligator snapping turtle (Shoals:1)
  12 two-headed ogres
  3 dancing weapons
  A deep troll shaman (Lair:6)
  3 death yaks (Lair:6)
  2 deep elf knights (Elf:1)
  A hell knight (D:15)
  2 unseen horrors (D:10)
  A skeletal warrior (D:14)
  4 sea snakes
  4 deep elf archers (Elf:1)
  A kraken simulacrum (Shoals:4)
  2 orc knights
  Pikel (D:3)
  6 harpies
  2 orb spiders (Spider:1)
  A lindwurm (Lair:6)
  2 wolf spider zombies (D:15)
  12 wolf spiders
  3 orc sorcerers (Orc:2)
  3 deep elf magi
  8 fauns
  A moth of wrath (Gauntlet)
  6 manticores
  An ugly thing (D:11)
  6 cyclopes
  5 merfolk sirens
  Joseph (D:8)
  3 black mambas
  14 elephants
  A water nymph (Shoals:1)
  A gargoyle (D:10)
  An orange demon (Gauntlet)
  25 cane toads
  2 demonic crawlers (Spider:1)
  2 kobold demonologists
  2 rime drakes
  10 komodo dragons
  15 jumping spiders
  2 tengu conjurers (D:15)
  3 trolls
  14 merfolk
  3 wind drakes
  6 polar bears
  9 blink frogs
  2 harpy skeletons (D:15)
  12 slime creatures
  Prince Ribbit (D:7)
  A raiju (Gauntlet)
  4 snapping turtles
  2 dream sheep (Shoals:2)
  A shadow (D:13)
  8 water elementals
  Sigmund (D:4)
  A spriggan (D:9)
  7 tarantellas (Spider:1)
  12 wyverns
  20 yaks
  2 vampires
  7 redbacks
  A yak (shapeshifter) (D:13)
  5 wraiths
  13 basilisks
  2 hogs (D:15)
  10 vampire mosquitoes
  2 wargs (Orc:1)
  3 steam dragons
  An acid dragon (D:12)
  4 nameless horrors
  A soldier ant (D:12)
  16 water moccasins
  20 orc warriors
  6 ice beasts
  A phantom (D:9)
  A sky beast (D:10)
  4 black bears
  2 necrophages (D:11)
  11 ogres
  7 wolves
  7 centaurs
  5 elf zombies (Ossuary)
  13 bullfrogs
  2 big kobolds
  A gnoll sergeant (D:11)
  An earth elemental (Elf:1)
  A wyvern skeleton (D:15)
  4 scorpions
  15 killer bees
  8 wights
  A howler monkey (D:7)
  2 electric eels
  3 bullfrog zombies
  A lava snake (Lair:3)
  12 centaur zombies
  3 quasits
  6 hounds
  3 human zombies (Ossuary)
  7 jellies
  25 orc wizards
  10 centaur skeletons
  17 orc priests
  2 bullfrog skeletons
  4 iguanas
  12 worker ants
  6 hell rats
  A hound skeleton (D:5)
  3 mummies (Ossuary)
  A worker ant zombie (D:6)
  6 gnolls
  11 adders
  A shadow imp (D:5)
  2 white imps
  4 ufetubi
  5 oozes (D:11)
  2 adder zombies
  4 dart slugs (D:1)
  2 worms
  5 leopard geckos
  74 orcs
  5 bats
  5 giant cockroaches
  4 goblins
  5 hobgoblins
  17 jackals
  14 kobolds
  4 quokkas
  2 frilled lizards
  A jackal zombie (D:5)
  A quokka skeleton (D:7)
  A quokka zombie (D:7)
  7 rats
  A spectral orc (D:8)
784 creatures vanquished.

Vanquished Creatures (collateral kills)
  Kirke (D:15)
  A stone giant (Shoals:3)
  4 merfolk javelineers
  An ettin (D:15)
  Josephine (D:13)
  3 merfolk impalers
  Fannar (Orc:1)
  The ghost of axecop the Envoy of Void, a journeyman DsAK of Lugonu (Lair:1)
  An ogre mage (D:15)
  2 merfolk avatars (Shoals:4)
  A satyr (Shoals:3)
  A dancing weapon (D:14)
  An alligator snapping turtle (Shoals:4)
  3 merfolk aquamancers
  7 two-headed ogres
  An orc high priest (Orc:2)
  Urug (Lair:1)
  A deep elf knight (Elf:1)
  3 skeletal warriors (D:14)
  5 sea snakes
  A deep elf archer (Elf:1)
  5 harpies
  An orc knight (Orc:1)
  11 deep elf magi (Elf:1)
  2 orc sorcerers
  A cyclops (Shoals:2)
  10 fauns
  3 manticores
  An elephant (Lair:1)
  2 moths of wrath (Lair:1)
  4 merfolk sirens
  9 water nymphs
  Psyche (D:12)
  A kobold demonologist (D:13)
  A demonic crawler (Spider:1)
  2 jumping spiders (Spider:1)
  15 merfolk
  A wind drake (Shoals:4)
  5 dream sheep (Shoals:2)
  3 snapping turtles
  2 redbacks (Spider:1)
  A wyvern (D:15)
  2 wraiths (D:13)
  5 nameless horrors
  3 water elementals
  A yak (Lair:1)
  2 hogs (D:15)
  A water moccasin (D:13)
  5 orc warriors
  5 ogres
  A scorpion (D:13)
  A wight (D:6)
  9 orc priests
  Crazy Yiuf (D:7)
  A hound (D:13)
  10 orc wizards
  4 gnolls
  14 orcs
  A plant (Shoals:3)
188 creatures vanquished.

Vanquished Creatures (others)
  A two-headed ogre (D:13)
  A nameless horror (Shoals:4)
  13 dancing weapons
  2 humans (D:15)
  An orc priest (D:12)
  2 human simulacra (D:12)
  2 orcs (D:12)
  15 bushes (D:11)
  79 fungi
  210 plants
  7 tentacles (Shoals:4)
333 creatures vanquished.

Grand Total: 1305 creatures vanquished

Notes
Turn   | Place    | Note
-------+----------+-------------------------------------------
     0 | D:1      | yaksman the Gnoll Enchanter began the quest for the Orb.
     0 | D:1      | Reached XP level 1. HP: 13/13 MP: 6/6
   205 | D:1      | Reached XP level 2. HP: 17/20 MP: 7/7
   216 | D:1      | Learned a level 2 spell: Ensorcelled Hibernation
   984 | D:1      | Reached XP level 3. HP: 25/25 MP: 9/9
   989 | D:1      | Reached skill level 5 in Spellcasting
  1698 | D:2      | Learned a level 3 spell: Tukima's Dance
  1708 | D:2      | Reached skill level 1 in Invocations
  1858 | D:2      | Reached skill level 1 in Fighting
  1858 | D:2      | Reached skill level 1 in Long Blades
  1858 | D:2      | Reached skill level 1 in Axes
  1858 | D:2      | Reached skill level 1 in Maces & Flails
  1858 | D:2      | Reached skill level 1 in Polearms
  1858 | D:2      | Reached skill level 1 in Staves
  1858 | D:2      | Reached skill level 1 in Slings
  1858 | D:2      | Reached skill level 1 in Bows
  1858 | D:2      | Reached skill level 1 in Crossbows
  1858 | D:2      | Reached skill level 1 in Throwing
  1858 | D:2      | Reached skill level 1 in Armour
  1858 | D:2      | Reached skill level 1 in Shields
  1858 | D:2      | Reached skill level 1 in Unarmed Combat
  1858 | D:2      | Reached skill level 1 in Evocations
  1858 | D:2      | Reached XP level 4. HP: 32/32 MP: 11/11
  2300 | D:2      | Reached skill level 1 in Conjurations
  2300 | D:2      | Reached skill level 1 in Summonings
  2300 | D:2      | Reached skill level 1 in Necromancy
  2300 | D:2      | Reached skill level 1 in Translocations
  2300 | D:2      | Reached skill level 1 in Transmutations
  2300 | D:2      | Reached skill level 1 in Fire Magic
  2300 | D:2      | Reached skill level 1 in Ice Magic
  2300 | D:2      | Reached skill level 1 in Air Magic
  2300 | D:2      | Reached skill level 1 in Earth Magic
  2300 | D:2      | Reached skill level 1 in Poison Magic
  2702 | D:3      | Reached XP level 5. HP: 28/37 MP: 9/12
  2976 | D:3      | Found a sparkling altar of Nemelex Xobeh.
  3651 | D:4      | Noticed Pikel
  3651 | D:4      | Noticed a lemure
  3651 | D:4      | Noticed a lemure
  3651 | D:4      | Noticed a lemure
  3651 | D:4      | Noticed a lemure
  3746 | D:4      | Noticed Sigmund
  3824 | D:4      | Killed Sigmund
  3825 | D:4      | Reached skill level 5 in Dodging
  3825 | D:4      | Reached XP level 6. HP: 44/44 MP: 8/14
  4351 | D:4      | Found a runed translucent door.
  4527 | D:3      | Killed Pikel
  4528 | D:3      | Reached XP level 7. HP: 47/51 MP: 7/15
  4528 | D:3      | Reached XP level 8. HP: 52/57 MP: 7/16
  4531 | D:3      | Found a broken altar of Ashenzari.
  4670 | D:4      | Found a burning altar of Makhleb.
  4670 | D:4      | Noticed an Executioner
  4702 | D:4      | Found a staircase to the Ecumenical Temple.
  4734 | Temple   | Entered the Ecumenical Temple
  5049 | Temple   | Became a worshipper of Sif Muna the Loreminder
  5124 | D:4      | Found a runed translucent door.
  5129 | D:4      | Noticed axecop's ghost (novice DsAK)
  5462 | D:5      | Entered Level 5 of the Dungeon
  5617 | D:5      | Found a glowing silver altar of Zin.
  5650 | D:5      | Found a shadowy altar of Dithmenos.
  5946 | D:5      | Found a sand-covered staircase.
  5951 | Ossuary  | Entered an ossuary
  6087 | Ossuary  | Reached * piety under Sif Muna
  6505 | Ossuary  | Reached XP level 9. HP: 53/65 MP: 16/18
  7667 | D:6      | Reached ** piety under Sif Muna
  7874 | D:6      | Reached skill level 5 in Short Blades
  8124 | D:7      | Noticed a skeletal warrior
  8439 | D:7      | Noticed Prince Ribbit
  8463 | D:7      | Killed Prince Ribbit
  8464 | D:7      | Reached skill level 5 in Invocations
  8742 | D:7      | Found a runed translucent door.
  8743 | D:7      | Noticed Crazy Yiuf
  8871 | D:7      | Identified the +8 spear of the Fulmar {venom, rC- Dex+6}
  9777 | D:7      | Killed Crazy Yiuf
  9844 | D:8      | Found a radiant altar of Vehumet.
  9979 | D:8      | Found a basalt altar of Yredelemnul.
 10076 | D:8      | Reached XP level 10. HP: 73/73 MP: 20/20
 10116 | D:8      | Found an iron altar of Okawaru.
 10159 | D:8      | Noticed Joseph
 10184 | D:8      | Killed Joseph
 10185 | D:8      | Reached skill level 5 in Fighting
 10185 | D:8      | Reached skill level 5 in Long Blades
 10185 | D:8      | Reached skill level 5 in Axes
 10185 | D:8      | Reached skill level 5 in Maces & Flails
 10185 | D:8      | Reached skill level 5 in Polearms
 10185 | D:8      | Reached skill level 5 in Staves
 10185 | D:8      | Reached skill level 5 in Slings
 10185 | D:8      | Reached skill level 5 in Bows
 10185 | D:8      | Reached skill level 5 in Crossbows
 10185 | D:8      | Reached skill level 5 in Throwing
 10185 | D:8      | Reached skill level 5 in Armour
 10185 | D:8      | Reached skill level 5 in Shields
 10185 | D:8      | Reached skill level 5 in Unarmed Combat
 10185 | D:8      | Reached skill level 5 in Evocations
 10250 | D:8      | Reached *** piety under Sif Muna
 10524 | D:8      | Found a hazy altar of Hepliaklqana.
 10548 | D:8      | Found a runed translucent gate.
 10548 | D:8      | Found a runed translucent gate.
 10549 | D:8      | Found a runed translucent gate.
 10549 | D:8      | Noticed pissyeye's ghost (novice MiBe)
 10549 | D:8      | Identified the +7 whip "Taeciv" {pain, Dex+5}
 10825 | D:9      | Found a sparkling altar of Nemelex Xobeh.
 11427 | D:9      | Found a blossoming altar of Fedhas.
 11430 | D:9      | Noticed an oklob plant
 11834 | D:9      | Found a staircase to the Lair.
 12022 | Lair:1   | Entered Level 1 of the Lair of Beasts
 12084 | Lair:1   | Noticed a cane toad
 12102 | D:9      | Killed a cane toad
 12246 | Lair:1   | Noticed a cane toad
 12271 | D:10     | Entered Level 10 of the Dungeon
 12619 | D:10     | Noticed an unseen horror
 12632 | D:10     | Killed an unseen horror
 12932 | D:10     | Reached XP level 11. HP: 59/81 MP: 22/22
 13533 | D:10     | Noticed an unseen horror
 13540 | D:10     | Killed an unseen horror
 13541 | D:10     | Reached skill level 5 in Conjurations
 13541 | D:10     | Reached skill level 5 in Summonings
 13541 | D:10     | Reached skill level 5 in Necromancy
 13541 | D:10     | Reached skill level 5 in Translocations
 13541 | D:10     | Reached skill level 5 in Transmutations
 13541 | D:10     | Reached skill level 5 in Fire Magic
 13541 | D:10     | Reached skill level 5 in Ice Magic
 13541 | D:10     | Reached skill level 5 in Air Magic
 13541 | D:10     | Reached skill level 5 in Earth Magic
 13541 | D:10     | Reached skill level 5 in Poison Magic
 13617 | D:11     | Noticed a two-headed ogre
 13627 | D:11     | Killed a two-headed ogre
 13889 | D:11     | Reached **** piety under Sif Muna
 13893 | D:11     | Noticed a manticore
 13911 | D:11     | Killed a manticore
 14618 | D:11     | Learned a level 3 spell: Dazzling Flash
 14621 | D:11     | Found a hazy altar of Hepliaklqana.
 15302 | D:11     | Got a polished scale mail
 15313 | D:11     | Identified the +1 scale mail of Zin's Benevolence {rC+ rN+
                  | MP+9} (You found it on level 11 of the Dungeon)
 15409 | D:11     | Noticed a white ugly thing
 15757 | Lair:1   | Reached XP level 12. HP: 24/89 MP: 24/24
 16682 | Lair:1   | Noticed a six-headed hydra
 16686 | Lair:1   | Killed a six-headed hydra
 16838 | Lair:1   | Found a transporter.
 16989 | Lair:1   | Found a transporter.
 16993 | Lair:1   | Noticed axecop's ghost (journeyman DsAK)
 17011 | Lair:1   | Noticed Urug
 17049 | Lair:1   | Killed Urug
 18368 | Lair:2   | Found a hole to the Spider Nest.
 19713 | Lair:3   | Found a bloodstained altar of Trog.
 20355 | Lair:3   | Noticed a four-headed hydra
 20591 | Lair:3   | Reached XP level 13. HP: 84/98 MP: 26/26
 20844 | Lair:3   | Found a staircase to the Shoals.
 21084 | Lair:3   | Reached skill level 10 in Stealth
 22092 | Lair:4   | Reached ***** piety under Sif Muna
 24942 | Lair:5   | Received a gift from Sif Muna
 24950 | Lair:5   | Learned a level 3 spell: Mephitic Cloud
 25044 | Lair:5   | Found a runed translucent door.
 25049 | Lair:5   | Noticed Ypehuijo's ghost (journeyman OpFi)
 25114 | Lair:5   | Reached skill level 10 in Spellcasting
 25771 | Lair:6   | Entered Level 6 of the Lair of Beasts
 26425 | Lair:6   | Learned a level 3 spell: Stone Arrow
 26430 | Lair:6   | Learned a level 4 spell: Petrify
 26488 | Lair:6   | Reached XP level 14. HP: 106/106 MP: 28/28
 26594 | Lair:6   | Reached skill level 10 in Dodging
 26715 | Lair:6   | Found a staircase to the Slime Pits.
 27719 | Lair:6   | Identified Gion's Disquisition on Igneous Curses
 28328 | D:11     | Reached skill level 10 in Invocations
 28493 | D:12     | Found a staircase to the Orcish Mines.
 28560 | D:12     | Found a gate leading to a gauntlet.
 28570 | Gauntlet | Entered a Gauntlet
 28570 | Gauntlet | Found a transporter.
 28570 | Gauntlet | Found a transporter.
 28570 | Gauntlet | Found a transporter.
 28571 | Gauntlet | Found a transporter.
 28575 | Gauntlet | Found a transporter.
 28575 | Gauntlet | Found a transporter.
 28579 | Gauntlet | Found a runed translucent door.
 28581 | Gauntlet | Found a runed translucent door.
 28582 | Gauntlet | Found a transporter.
 28583 | Gauntlet | Found a transporter.
 28584 | Gauntlet | Found a transporter.
 28586 | Gauntlet | Found a transporter.
 28594 | Gauntlet | Found a transporter.
 28595 | Gauntlet | Found a transporter.
 29105 | Gauntlet | Identified the +3 ring mail of Winter {rElec rF++ Int+4}
 29799 | D:12     | Received a gift from Sif Muna
 29864 | D:12     | Upgraded the game from 0.26.1-2-gb8aa6d0cf2 to
                  | 0.26.1-11-gd32895ea62
 29873 | D:12     | Learned a level 5 spell: Summon Mana Viper
 30046 | D:12     | Noticed Psyche
 30053 | D:12     | Killed Psyche
 30306 | Orc:1    | Entered Level 1 of the Orcish Mines
 30564 | Orc:1    | Noticed Fannar
 30574 | Orc:1    | Killed Fannar
 31152 | Orc:2    | Entered Level 2 of the Orcish Mines
 31716 | Orc:2    | Reached skill level 10 in Short Blades
 31857 | Orc:2    | Found Neguw's Jewellery Shoppe.
 31857 | Orc:2    | Found Vobiegue's Weapon Shoppe.
 31858 | Orc:2    | Found Omoucvawe's Antique Weapon Emporium.
 31862 | Orc:2    | Found Vamov's Distillery.
 32055 | Orc:2    | Noticed Rupert
 32057 | Orc:2    | Identified Sif Muna's Tome of Unholy Heat (Sif Muna gifted
                  | it to you on level 2 of the Orcish Mines)
 32057 | Orc:2    | Received a gift from Sif Muna
 32097 | Orc:2    | Killed Rupert
 32098 | Orc:2    | Reached XP level 15. HP: 31/115 MP: 18/29
 32262 | Orc:2    | Learned a level 4 spell: Animate Dead
 32281 | Orc:2    | Found a staircase to the Elven Halls.
 32799 | Orc:2    | Bought the amulet of Etochema {Faith Dex+4 Slay+3 Stlth+}
                  | for 991 gold pieces
 32809 | Orc:2    | Bought an uncursed ring of poison resistance for 280 gold
                  | pieces
 32978 | Spider:1 | Entered Level 1 of the Spider Nest
 33207 | Lair:2   | Killed a ghost moth
 33708 | D:13     | Noticed Josephine
 33721 | D:13     | Killed Josephine
 33859 | D:13     | Reached skill level 10 in Hexes
 34079 | D:13     | Reached skill level 10 in Fighting
 34079 | D:13     | Reached skill level 10 in Long Blades
 34079 | D:13     | Reached skill level 10 in Axes
 34079 | D:13     | Reached skill level 10 in Maces & Flails
 34079 | D:13     | Reached skill level 10 in Polearms
 34079 | D:13     | Reached skill level 10 in Staves
 34079 | D:13     | Reached skill level 10 in Slings
 34079 | D:13     | Reached skill level 10 in Bows
 34079 | D:13     | Reached skill level 10 in Crossbows
 34079 | D:13     | Reached skill level 10 in Throwing
 34079 | D:13     | Reached skill level 10 in Armour
 34079 | D:13     | Reached skill level 10 in Shields
 34079 | D:13     | Reached skill level 10 in Unarmed Combat
 34079 | D:13     | Reached skill level 10 in Evocations
 35378 | D:13     | Noticed Nessos
 35403 | D:13     | Killed Nessos
 35750 | D:14     | Received a gift from Sif Muna
 35933 | D:14     | Found a gate to the Vaults.
 36484 | D:14     | You fall into a shaft and drop 1 floor!
 36484 | D:15     | Entered Level 15 of the Dungeon
 36915 | D:15     | Noticed Kirke
 36933 | D:15     | Killed Kirke
 37186 | D:14     | Found a white marble altar of Elyvilon.
 37186 | D:14     | Found a runed translucent door.
 37186 | D:14     | Noticed a daeva
 37795 | D:14     | Found a large runed translucent door.
 37796 | D:14     | Found a large runed translucent door.
 37798 | D:14     | Noticed Imiczer's ghost (journeyman FoFi)
 38115 | Lair:1   | Killed axecop's ghost
 38140 | Lair:1   | Got a slimy cloak
 38151 | Lair:1   | Identified the +2 cloak of the Serpent {rF+ Will- Int+2}
                  | (You found it on level 1 of the Lair of Beasts)
 38477 | D:15     | Found Piviucsu's Book Shoppe.
 38512 | D:15     | Reached XP level 16. HP: 88/123 MP: 3/31
 38687 | D:15     | Bought a book of Minor Magic for 240 gold pieces
 38690 | D:15     | Learned a level 2 spell: Blink
 39083 | D:15     | Found a staircase to the Depths.
 39570 | D:15     | Identified Wattiaka's Grimoire of Hurtful Malediction (Sif
                  | Muna gifted it to you on level 15 of the Dungeon)
 39570 | D:15     | Received a gift from Sif Muna
 40146 | D:15     | Noticed a bone dragon
 40147 | D:15     | Found the +9 sword of Zonguldrok {reap}
 40612 | D:15     | Killed a bone dragon
 43254 | Orc:2    | Bought a potion of heal wounds for 75 gold pieces
 43254 | Orc:2    | Bought a potion of curing for 45 gold pieces
 43254 | Orc:2    | Bought a potion of curing for 45 gold pieces
 43418 | Shoals:1 | Entered Level 1 of the Shoals
 43844 | Shoals:1 | Identified Sif Muna's Incunabulum of Enchanting Companions
                  | (Sif Muna gifted it to you on level 1 of the Shoals)
 43844 | Shoals:1 | Received a gift from Sif Muna
 43855 | Shoals:1 | Learned a level 6 spell: Shadow Creatures
 46369 | Shoals:2 | Reached XP level 17. HP: 131/131 MP: 11/33
 47660 | Shoals:3 | Received a gift from Sif Muna
 48999 | Shoals:3 | Noticed a titan
 49027 | Shoals:3 | Killed a titan
 49221 | Shoals:4 | Entered Level 4 of the Shoals
 49288 | Shoals:4 | Learned a level 6 spell: Invisibility
 51193 | Shoals:4 | Got a barnacled rune of Zot
 52762 | Elf:1    | Entered Level 1 of the Elven Halls
 53342 | Elf:1    | Reached skill level 10 in Conjurations
 53342 | Elf:1    | Reached skill level 10 in Summonings
 53342 | Elf:1    | Reached skill level 10 in Necromancy
 53342 | Elf:1    | Reached skill level 10 in Translocations
 53342 | Elf:1    | Reached skill level 10 in Transmutations
 53342 | Elf:1    | Reached skill level 10 in Fire Magic
 53342 | Elf:1    | Reached skill level 10 in Ice Magic
 53342 | Elf:1    | Reached skill level 10 in Air Magic
 53342 | Elf:1    | Reached skill level 10 in Earth Magic
 53342 | Elf:1    | Reached skill level 10 in Poison Magic
 53363 | Elf:1    | Identified Sif Muna's Grimoire of Battle Magic (Sif Muna
                  | gifted it to you on level 1 of the Elven Halls)
 53363 | Elf:1    | Received a gift from Sif Muna
 53365 | Elf:1    | Killed from afar by a deep elf annihilator

Illustrated notes

Levels and vault maps discovered:
D:1:      sevenhm_arrival_forest_fort_small_6, layout_basic
D:2:      layout_basic, minmay_door_square
D:3:      layout_loops_ring, nicolae_overflow_hidden_temple,
          minmay_crystal_room, nemelex_diamond_rough_becter
D:4:      layout_gridville, minmay_temple_entry_drinking_statues,
          ebering_ghost_sewer_f, makhleb_altar_promises_db, uniq_pikel,
          uniq_sigmund
D:5:      layout_rooms, zin_treasury, enter_ossuary_2,
          nicolae_dithmenos_shadow_blocks
D:6:      layout_basic, hangedman_decor_riveting
D:7:      minmay_clustersquares, layout_basic, uniq_prince_ribbit1,
          uniq_crazy_yiuf_cottage
D:8:      layout_basic, lemuel_crystal_altar,
          yredelemnul_forgotten_temple_becter, okawaru_ov_weapons_minmay,
          vehumet_crystals, special_room [special_room_orc],
          gammafunk_ghost_nasty_kobolds, uniq_joseph
D:9:      layout_loops_cross, nemelex_xobeh_ov_fountains_minmay,
          grunt_lair_entry_orc_guard_hut, hangedman_tree_tricks, the_bakery
D:10:     layout_loops_corners
D:11:     layout_basic, basic_altar, minmay_hedge_maze,
          hangedman_little_slice_of_home
D:12:     layout_irregular_city, david_orc_2, gauntlet_entry_generic,
          bh_circular_ruins, uniq_psyche
D:13:     layout_basic, uniq_nessos, uniq_josephine
D:14:     layout_big_octagon, erik_vaults_1, ebering_ghost_disaster_area,
          lemuel_angel_altar
D:15:     hangedman_depths_entry_civil_slaughter, layout_basic, serial_shops,
          shop, minmay_misc_feat_cross, minivault_26, minmay_strange_pillars,
          minmay_guarded_unrand_zonguldrok, uniq_kirke
Temple:   eino_temple_water
Lair:1:   layout_regular_city, serial_rivers, chequers_serial_rivers_large_a,
          chequers_serial_rivers_marsh, chequers_serial_rivers_micro_e,
          chequers_serial_rivers_large_b, chequers_serial_rivers_micro_c,
          gammafunk_ghost_berserking_beasts, beast_lair_carwin_7, uniq_urug
Lair:2:   layout_regular_city, spider_nest_entry_funnel_web, beast_lair_carwin_9
Lair:3:   layout_gridlike, shoals_dummy_entry, basic_altar,
          amcnicky_mini_pool_medium
Lair:4:   layout_gridlike, special_room [special_room_mythical_zoo]
Lair:5:   layout_loops_ring, ebering_ghost_reflecting_pool, serial_bayou_pond_c
Lair:6:   grunt_lair_end_beastmaster, layout_long_grid,
          minmay_slime_entry_pillars, serial_bayou_pond_a
Shoals:1: layout_shoals, uniq_donald
Shoals:2: layout_shoals
Shoals:3: cheibrodos_shoals_gigantism, layout_shoals
Shoals:4: shoals_end_grunt_ice, layout_shoals
Spider:1: nicolae_spider_mines_1, uniq_asterion, uniq_aizul
Orc:1:    layout_diamond_mine, uniq_fannar
Orc:2:    st_orc_mages, layout_caves, uniq_rupert
Elf:1:    eino_elf_arrival_customs, layout_loops_corners, serial_shops,
          nicolae_shop_waterfront, hangedman_elf_represent, fountainhead,
          minivault_28

Skill      XL: |  1  2  3  4  5  6  7  8  9 10 11 12 13 14 15 16 17 |
---------------+----------------------------------------------------+-----
Spellcasting   | 5 6 7 8 9 10 11 12 | 12.5
Stealth        | 6 7 8 9 10 11 12 | 12.9
Invocations    | 1 2 3 4 5 6 7 8 9 10 11 12 | 12.6
Fighting       | 1 2 3 4 5 6 7 8 9 10 11 | 11.7
Long Blades    | 1 2 3 4 5 6 7 8 9 10 11 | 11.7
Axes           | 1 2 3 4 5 6 7 8 9 10 11 | 11.7
Maces & Flails | 1 2 3 4 5 6 7 8 9 10 11 | 11.7
Polearms       | 1 2 3 4 5 6 7 8 9 10 11 | 11.7
Staves         | 1 2 3 4 5 6 7 8 9 10 11 | 11.7
Slings         | 1 2 3 4 5 6 7 8 9 10 11 | 11.7
Bows           | 1 2 3 4 5 6 7 8 9 10 11 | 11.7
Crossbows      | 1 2 3 4 5 6 7 8 9 10 11 | 11.7
Throwing       | 1 2 3 4 5 6 7 8 9 10 11 | 11.7
Armour         | 1 2 3 4 5 6 7 8 9 10 11 | 11.7
Shields        | 1 2 3 4 5 6 7 8 9 10 11 | 11.7
Unarmed Combat | 1 2 3 4 5 6 7 8 9 10 11 | 11.7
Evocations     | 1 2 3 4 5 6 7 8 9 10 11 | 11.7
Conjurations   | 1 2 3 4 5 6 7 8 9 10 | 10.0
Summonings     | 1 2 3 4 5 6 7 8 9 10 | 10.0
Necromancy     | 1 2 3 4 5 6 7 8 9 10 | 10.0
Translocations | 1 2 3 4 5 6 7 8 9 10 | 10.0
Transmutations | 1 2 3 4 5 6 7 8 9 10 | 10.0
Fire Magic     | 1 2 3 4 5 6 7 8 9 10 | 10.0
Ice Magic      | 1 2 3 4 5 6 7 8 9 10 | 10.0
Air Magic      | 1 2 3 4 5 6 7 8 9 10 | 10.0
Earth Magic    | 1 2 3 4 5 6 7 8 9 10 | 10.0
Poison Magic   | 1 2 3 4 5 6 7 8 9 10 | 10.0
Short Blades   | 3 4 5 6 7 8 9 10 11 | 11.9
Dodging        | 5 6 7 8 9 10 11 12 | 12.4
Hexes          | 6 7 8 9 10 11 | 11.2

Action                   |  1- 3 |  4- 6 |  7- 9 | 10-12 | 13-15 | 16-18 || total
-------------------------+-------+-------+-------+-------+-------+-------++-------
Melee: Dagger            |   107 |   122 |   584 |       |       |       ||   813
       Bite              |     7 |    10 |    81 |    84 |   221 |   160 ||   563
       Punch             |       |       |     9 |    30 |    83 |     2 ||   124
       Spear             |       |       |    47 |   666 |  1626 |   232 ||  2571
       Double sword      |       |       |       |       |       |   558 ||   558
       Dire flail        |       |       |       |       |       |    33 ||    33
Throw: Dart              |       |    16 |    32 |   261 |   334 |    98 ||   741
 Cast: Ensorcelled Hiber |     2 |    22 |    39 |    40 |       |       ||   103
       Corona            |     2 |     2 |    40 |     4 |     6 |       ||    54
       Tukima's Dance    |       |     3 |    21 |    16 |    48 |    10 ||    98
       Dazzling Flash    |       |       |       |    33 |    28 |       ||    61
       Mephitic Cloud    |       |       |       |       |    37 |       ||    37
       Stone Arrow       |       |       |       |       |    63 |       ||    63
       Summon Mana Viper |       |       |       |       |    33 |    20 ||    53
       Petrify           |       |       |       |       |     2 |       ||     2
       Animate Dead      |       |       |       |       |     5 |     2 ||     7
       Shadow Creatures  |       |       |       |       |       |   136 ||   136
       Blink             |       |       |       |       |       |     2 ||     2
Invok: Forget Spell      |       |       |       |       |       |     2 ||     2
Evoke: Wand              |       |       |       |     9 |    12 |       ||    21
       Phial of floods   |       |       |       |       |       |     1 ||     1
  Use: Potion            |     1 |     1 |     1 |     2 |     4 |    14 ||    23
       Scroll            |     4 |     6 |     2 |    15 |    12 |     5 ||    44
 Stab: Sleeping          |     7 |    16 |    34 |    36 |    21 |    17 ||   131
       Distracted        |       |     1 |     1 |     3 |    13 |    15 ||    33
       Invisible         |       |       |       |    45 |    30 |       ||    75
       Confused          |       |       |       |       |    51 |       ||    51
       Petrifying        |       |       |       |       |     4 |       ||     4
       Petrified         |       |       |       |       |    17 |       ||    17
Armor: Robe              |    12 |    15 |   165 |    32 |       |       ||   224
       Scale mail        |       |       |       |    49 |   158 |       ||   207
       Ring mail         |       |       |       |       |   209 |   305 ||   514
Dodge: Dodged            |    82 |    82 |   339 |   283 |   768 |   669 ||  2223
Block: Other             |       |       |       |    90 |   100 |       ||   190
       Reflection        |       |       |       |     3 |     2 |       ||     5
       Buckler           |       |       |       |       |       |   300 ||   300
       Rpst.: Double sword |       |       |       |       |       |   106 ||   106
